Map: Lerilak Crest

Players

Joker - Winner!

  • Race: Protoss Protoss
  • League: Gold

LilDicky

  • Race: Terran Terran
  • League: Diamond

VOD

http://www.twitch.tv/tumescentpie

Description

Time

  • Played on: Dec. 24, 2015, 8:49 p.m.
  • Length: 6:16
Show
View Real Time Build Order
Export as new Build Order

Joker Protoss - Winner!

Build Orders: Oracle Opening 

Get SALT Encoding   

  12  0:01  Probe (Chrono Boost)  
  13  0:11  Probe (Chrono Boost)  
  14  0:22  Probe (Chrono Boost)  
  14  0:24  Pylon  
  15  0:42  Probe (Chrono Boost)  
  16  0:44  Gateway  
  16  0:46  Assimilator  
  16  0:56  Probe (Chrono Boost)  
  17  1:06  Probe (Chrono Boost)  
  18  1:17  Probe (Chrono Boost)  
  19  1:28  Probe (Chrono Boost)  
  20  1:36  Cybernetics Core  
  20  1:38  Probe (Chrono Boost)  
  21  1:47  Assimilator  
  21  1:49  Probe (Chrono Boost), Nexus  
  22  1:59  Pylon  
  23  2:01  Probe (Chrono Boost)  
  23  2:13  Warp Gate  
  23  2:17  Probe (Chrono Boost), Adept (Chrono Boost)  
  26  2:28  Probe  
  27  2:40  Probe  
  27  2:44  Stargate  
  27  2:53  Probe  
  27  2:57  Adept (Chrono Boost)  
  30  3:05  Probe x2  
  32  3:15  Probe  
  32  3:17  Probe  
  34  3:26  Probe, Gateway  
  34  3:29  Probe  
  36  3:36  Probe  
  36  3:41  Probe  
  38  3:47  Probe, Oracle  
  39  3:53  Probe  
  41  3:57  Probe  
  41  3:58  Assimilator  
  41  4:02  Assimilator  
  42  4:03  Pylon  
  42  4:05  Probe  
  42  4:08  Probe  
  42  4:09  Pylon  
  44  4:14  Forge  
  44  4:18  Probe  
  44  4:19  Gateway  
  45  4:29  Probe  
  46  4:36  Gateway  
  46  4:38  Gateway  
  46  4:39  Gateway  
  46  4:41  Gateway  
  46  4:43  Gateway  
  46  5:13  Adept  
  48  5:19  Void Ray  
  52  5:24  Adept  
  54  5:35  Adept  
  54  5:41  Pylon  
  56  5:44  Pylon  
  56  5:48  Adept x3  
  62  5:53  Pylon  
  62  5:56  Pylon  
  62  5:59  Pylon  
  66  6:07  Adept x5  
  66  6:08  Adept  
Show
View Real Time Build Order
Export as new Build Order

LilDicky Terran 

Build Orders: Command Center First (CC) 

Get SALT Encoding   

  12  0:05  SCV  
  13  0:18  SCV  
  14  0:29  Supply Depot  
  14  0:38  SCV  
  15  0:50  SCV  
  16  1:02  SCV  
  17  1:09  Command Center  
  17  1:14  SCV  
  18  1:23  Barracks  
  18  1:28  SCV  
  20  2:09  Marine  
  20  2:12  Supply Depot  
  20  2:13  Orbital Command  
  20  2:27  Command Center  
  20  2:29  Marine  
  22  2:33  Orbital Command  
  21  2:42  SCV  
  21  2:43  Bunker  
  22  2:52  Marine  
  22  2:54  SCV  
  24  3:01  SCV  
  24  3:06  SCV  
  24  3:10  Marine  
  26  3:13  SCV  
  26  3:18  SCV  
  26  3:19  Supply Depot  
  27  3:28  Marine  
  26  3:44  SCV  
  26  3:46  SCV, Marine  
  26  3:48  Orbital Command  
  29  3:50  Supply Depot  
  29  3:53  Refinery x2  
  29  3:56  SCV  
  29  3:58  SCV  
  31  4:07  Marine  
  32  4:12  SCV x2  
  32  4:14  Refinery  
  32  4:16  Refinery  
  34  4:17  SCV  
  34  4:18  Command Center  
  34  4:20  Supply Depot  
  35  4:24  SCV  
  35  4:25  Marine  
  37  4:33  SCV  
  38  4:39  SCV  
  38  4:43  Marine  
  38  4:45  Supply Depot  
  33  5:01  Marine  
  32  5:07  SCV x2  
  32  5:09  Engineering Bay  
  32  5:10  SCV  
  35  5:16  Supply Depot  
  35  5:19  SCV x2, Marine  
  38  5:23  SCV  
  39  5:31  SCV, Orbital Command  
  39  5:34  SCV  
  41  5:36  Marine  
  41  5:38  SCV  
  41  5:41  Missile Turret  
  43  5:43  Missile Turret  
  40  5:54  Marine  
  41  5:57  Missile Turret  
  41  5:58  SCV  
  46  6:13  Factory  
  46  6:14  Factory  
Tags
 
Add a new tag
Caveats
  • Supply blocks, unpowered buildings, or Contaminate may cause inaccurate times.
  • Supply counts are checked every 10 seconds.